AoeStats
← Jan Itor

Lombardia

509961720Analyzed
4v4 RM · 3d ago on Sep 28, 2026· 66m 45s· 8 players
Game mode
Random Map
Map size
Large (8 player)
Population
200
Speed
Normal
Resources
Standard
Victory
Conquest
Starting age
Dark Age
Ending age
Imperial Age
RankedLock teamsTeams togetherTeam positionsShared explorationLock speedFull tech treeHidden civsTurbo modeCheats
Victory
Defeat
🇦🇺 Spanish · Australia
1895
+13
🇩🇪 Berbers · Germany
1825
+16
🇺🇸 Koreans · United States
1800
+17
🇭🇰 Hindustanis · Hong Kong SAR China
1760
+17
🇳🇱 Tatars · Netherlands
1854
-17
🇩🇪 Vikings · Germany
1847
-17
🇩🇪 Maya · Germany
1789
-15
🇬🇧 Lithuanians · United Kingdom
1778
-14
Freidle
10:24 Feudal Age
12:38 Double-Bit Axe
15:08 Castle Age
13:43 Horse Collar
15:46 Loom
16:32 Bow Saw
19:10 Fletching
23:23 Wheelbarrow
25:23 Bodkin Arrow
26:17 Heavy Plow
32:32 Imperial Age
31:00 Hand Cart
32:56 Squires
33:43 Caravan
33:56 Guilds
34:17 Coinage
33:12 Pikeman
33:57 Halberdier
34:06 Elite Fire Lancer
36:14 Conscription
36:12 Scale Mail Armor
36:23 Forging
37:12 Chain Mail Armor
38:15 Two-Man Saw
37:57 Forging
38:13 Heavy Rocket Cart
39:27 Shinkichon
39:47 Siege Engineers
42:48 Fortified Wall
43:39 Chemistry
42:20 Treadmill Crane
45:05 Banking
45:34 Plate Mail Armor
45:39 Iron Casting
47:09 Ballistics
47:00 Masonry
46:17 Halberdier
47:51 Gold Mining
47:54 Stone Mining
48:42 Bracer
50:28 Scale Barding Armor
50:18 Town Watch
51:05 Architecture
50:21 Arrowslits
50:32 Murder Holes
54:19 Arson
54:56 Chain Barding Armor
57:11 Man-at-Arms
57:46 Heated Shot
57:35 Capped Ram
58:31 Long Swordsman
60:39 Two-Handed Swordsman
61:32 Champion
64:35 Town Patrol
0653599
11:29 Feudal Age
12:07 Double-Bit Axe
15:11 Castle Age
13:36 Double-Bit Axe
16:37 Bow Saw
19:03 Bow Saw
19:22 Loom
19:28 Loom
22:37 Wheelbarrow
22:17 Horse Collar
23:28 Heavy Plow
24:53 Padded Archer Armor
26:30 Hand Cart
27:52 Caravan
30:35 Gold Mining
30:36 Stone Mining
33:13 Leather Archer Armor
33:48 Stone Shaft Mining
33:31 Fletching
34:52 Ballistics
34:30 Bodkin Arrow
35:18 Fortified Wall
39:05 Imperial Age
37:13 Scale Barding Armor
37:21 Bloodlines
38:01 Masonry
38:34 Chain Barding Armor
38:42 Husbandry
39:47 Coinage
39:08 Cavalier
40:24 Plate Barding Armor
41:28 Chemistry
41:00 Architecture
40:52 Conscription
40:55 Supremacy
40:45 Paladin
42:09 Forging
42:13 Bracer
42:37 Bombard Tower
42:48 Architecture
43:25 Iron Casting
43:28 Banking
44:13 Two-Man Saw
43:42 Bracer
43:45 Arrowslits
44:48 Bracer
45:49 Blast Furnace
44:51 Bracer
45:42 Murder Holes
46:50 Guilds
48:27 Ring Archer Armor
51:25 Hoardings
57:30 Capped Ram
58:40 Siege Ram
Hui
5:51 Loom
8:29 Feudal Age
9:16 Double-Bit Axe
11:40 Horse Collar
19:34 Castle Age
20:52 Bow Saw
20:42 Heavy Plow
25:46 Town Watch
26:37 Wheelbarrow
28:44 Gold Mining
28:44 Stone Mining
31:17 Hand Cart
35:21 Imperial Age
34:18 Bloodlines
34:09 Husbandry
34:20 Forging
34:16 Scale Barding Armor
34:30 Caravan
34:33 Grand Trunk Road
35:11 Gold Shaft Mining
35:11 Stone Shaft Mining
35:23 Fortified Wall
35:54 Iron Casting
35:28 Heavy Camel Rider
36:39 Chain Barding Armor
36:40 Conscription
37:15 Coinage
38:56 Chemistry
37:24 Imperial Camel Rider
39:29 Blast Furnace
39:05 Plate Barding Armor
40:05 Fletching
40:15 Padded Archer Armor
39:56 Light Cavalry
41:18 Bodkin Arrow
41:39 Leather Archer Armor
43:36 Town Patrol
44:13 Murder Holes
45:06 Shatagni
44:27 Elite Ghulam
45:56 Hoardings
48:00 Bracer
48:30 Ring Archer Armor
48:01 Scale Mail Armor
49:00 Ballistics
48:30 Guard Tower
48:46 Siege Engineers
48:52 Masonry
50:21 Banking
50:23 Chain Mail Armor
50:44 Thumb Ring
50:01 Heavy Cavalry Archer
56:08 Siege Elephant
56:09 Onager
65:42 Two-Man Saw
65:59 Hussar
Jan Itor
11:48 Feudal Age
15:23 Castle Age
13:37 Double-Bit Axe
13:33 Horse Collar
16:11 Loom
16:38 Bow Saw
17:29 Heavy Plow
18:40 Wheelbarrow
23:33 Hand Cart
24:08 Gold Mining
25:58 Treadmill Crane
29:29 Imperial Age
26:53 Stone Mining
27:26 Padded Archer Armor
27:18 Fletching
27:59 Kasbah
28:25 Leather Archer Armor
28:40 Bodkin Arrow
29:12 Ballistics
28:56 Husbandry
30:14 Bloodlines
29:33 Elite Camel Archer
30:25 Bracer
31:49 Chemistry
31:36 Caravan
32:00 Conscription
33:10 Stone Shaft Mining
33:08 Coinage
33:22 Ring Archer Armor
33:04 Thumb Ring
34:26 Masonry
34:56 Banking
35:33 Crop Rotation
37:11 Guilds
37:18 Maghrebi Camels
39:28 Siege Engineers
43:14 Arrowslits
44:09 Hoardings
52:21 Fortified Wall
55:53 Scale Barding Armor
55:58 Forging
55:16 Cavalier
63:13 Chain Barding Armor
63:28 Iron Casting
64:37 Plate Barding Armor
66:11 Blast Furnace
Hans the Waller
6:52 Loom
9:18 Feudal Age
9:58 Double-Bit Axe
10:28 Horse Collar
19:13 Castle Age
20:59 Bow Saw
20:50 Heavy Plow
21:28 Wheelbarrow
24:05 Gold Mining
26:07 Hand Cart
25:38 Town Watch
25:45 Stone Mining
30:44 Imperial Age
28:54 Forging
29:18 Bloodlines
29:10 Husbandry
30:12 Scale Barding Armor
31:39 Chain Barding Armor
32:11 Elite Keshik
33:44 Conscription
34:12 Plate Barding Armor
34:01 Fletching
34:47 Iron Casting
37:43 Blast Furnace
37:48 Caravan
37:59 Guilds
39:30 Crop Rotation
43:17 Masonry
44:08 Chemistry
43:28 Ballistics
44:12 Bodkin Arrow
43:59 Treadmill Crane
47:26 Herbal Medicine
46:55 Light Cavalry
47:52 Bracer
48:07 Fortified Wall
49:51 Hussar
53:24 Capped Ram
54:44 Padded Archer Armor
54:43 Siege Ram
55:40 Heavy Cavalry Archer
56:36 Leather Archer Armor
56:50 Silk Armor
58:29 Town Patrol
Ulfaith
6:54 Loom
9:18 Feudal Age
9:56 Double-Bit Axe
11:05 Horse Collar
20:51 Castle Age
19:33 Gold Mining
21:07 Bloodlines
22:05 Bow Saw
23:38 Scale Barding Armor
23:36 Husbandry
22:59 Light Cavalry
25:49 Wheelbarrow
26:45 Stone Mining
27:47 Heavy Plow
28:28 Hand Cart
30:09 Fervor
33:31 Imperial Age
32:10 Chain Barding Armor
33:46 Forging
34:27 Fortified Wall
34:51 Conscription
35:06 Plate Barding Armor
36:03 Caravan
36:51 Iron Casting
37:59 Stone Shaft Mining
37:56 Scale Mail Armor
37:36 Elite Leitis
37:54 Pikeman
39:21 Chain Mail Armor
39:07 Squires
38:28 Halberdier
40:38 Town Watch
41:07 Arson
44:04 Chemistry
44:27 Tower Shields
44:00 Capped Ram
46:13 Ballistics
45:44 Fletching
47:20 Bodkin Arrow
47:26 Padded Archer Armor
49:56 Masonry
49:57 Bracer
50:13 Leather Archer Armor
52:29 Bombard Tower
52:05 Murder Holes
52:49 Elite Skirmisher
54:00 Ring Archer Armor
54:32 Coinage
59:54 Thumb Ring
Rex Caedis
0:29 Loom
12:12 Feudal Age
15:55 Castle Age
14:11 Double-Bit Axe
14:07 Horse Collar
15:30 Fletching
17:04 Heavy Plow
17:54 Bow Saw
19:16 Bodkin Arrow
20:22 Wheelbarrow
20:48 Padded Archer Armor
21:08 Gold Mining
22:30 Ballistics
23:47 Leather Archer Armor
25:59 Hand Cart
25:30 Town Watch
27:15 Stone Mining
30:54 Fortified Wall
30:27 Treadmill Crane
35:20 Imperial Age
36:10 Bracer
37:11 Chemistry
36:58 Ring Archer Armor
36:13 Elite Plumed Archer
38:29 Masonry
38:53 Conscription
39:46 Two-Man Saw
39:17 Crop Rotation
38:34 Capped Ram
39:59 Siege Ram
41:40 Architecture
41:05 Murder Holes
42:10 Scale Mail Armor
42:20 Forging
43:42 Hoardings
45:22 Caravan
47:21 Chain Mail Armor
47:41 Iron Casting
47:45 Guilds
51:51 Coinage
52:52 Plate Mail Armor
53:22 Blast Furnace
52:15 Heavy Scorpion
53:05 Murder Holes
54:25 Thumb Ring
Bohnski
7:11 Loom
9:15 Feudal Age
10:21 Double-Bit Axe
14:05 Fletching
14:11 Horse Collar
21:03 Castle Age
21:02 Gold Mining
21:38 Bodkin Arrow
21:04 Crossbowman
22:04 Bow Saw
23:07 Ballistics
24:27 Padded Archer Armor
30:27 Heavy Plow
30:58 Stone Mining
33:57 Imperial Age
34:07 Leather Archer Armor
33:26 Elite Skirmisher
34:46 Bracer
35:49 Chemistry
35:40 Ring Archer Armor
35:32 Arbalester
39:02 Bogsveigar
40:47 Two-Man Saw
43:35 Conscription
43:21 Caravan
43:30 Scale Mail Armor
43:40 Forging
43:34 Elite Varangian Guard
44:15 Squires
45:57 Chain Mail Armor
46:18 Iron Casting
47:32 Crop Rotation
47:54 Plate Mail Armor
48:58 Blast Furnace
53:00 Capped Ram
53:44 Pikeman
55:02 Siege Ram
Connection lost

Rejoining the realm…

Still unreachable

The connection could not be restored.

Session expired

The server has moved on; the page needs a fresh start.